 Dungeon Crawl Stone Soup version 0.20-a0-681-gf83e07f (webtiles) character file.

244 polly the Slasher (level 5, 0/90 HPs)
             Began as a Demonspawn Gladiator on Feb 18, 2017.
             Slain by polly's ghost (8 damage)
             ... on level 3 of the Dungeon.
             The game lasted 00:01:52 (1443 turns).

polly the Slasher (Demonspawn Gladiator)            Turns: 1443, Time: 00:01:52

Health: 0/90       AC: 22    Str: 20    XL:     5   Next: 83%
Magic:  5/5        EV:  2    Int: 14    God:
Gold:   89         SH:  0    Dex: 15    Spells: 4/4 levels left

rFire    . . .     SeeInvis .   u - +0 great sword
rCold    . . .     Gourm    .   (armour currently unavailable)
rNeg     + + +     Faith    .   (shield currently unavailable)
rPois    +         Spirit   .   (helmet currently unavailable)
rElec    .         Reflect  .   (cloak currently unavailable)
rCorr    .         Harm     .   (gloves currently unavailable)
MR       .....     NoTele   +   (boots currently unavailable)
Stlth    ..........             (no amulet)
Regen    0.3/turn               (no ring)
MPRegen  0.1/turn               (no ring)

@: brilliant, berserking (expiring), tree-form, very quick
A: (horns 0), (icy blue scales 0)
a: no special abilities


You were on level 3 of the Dungeon.
You were hungry.
You were a tree.
You visited 1 branch of the dungeon, and saw 3 of its levels.

You collected 89 gold pieces.

Inventory:

Hand Weapons
 a - a +0 long sword
 u - a +0 great sword (weapon)
Missiles
 d - 3 throwing nets (quivered)
Armour
 b - a +0 leather armour (melded)
 c - a +0 helmet
Jewellery
 e - an uncursed ring of protection from fire {unknown}
 m - an uncursed ring of magical power {unknown}
Scrolls
 j - 2 scrolls of identify {unknown}
 k - a scroll of enchant armour {unknown}
 l - a scroll of recharging {unknown}
 n - a scroll of random uselessness {unknown}
 q - a scroll of remove curse {unknown}
 r - a scroll of magic mapping {unknown}
 s - a scroll of fog {unknown}
Comestibles
 f - 2 bread rations
 i - 7 fruits
 t - a meat ration


   Skills:
 + Level 2.8 Fighting
 + Level 4.2 Long Blades
 + Level 1.9 Throwing
 + Level 2.0 Armour
 + Level 3.7 Dodging
 + Level 0.8 Stealth


You had 4 spell levels left.
You didn't know any spells.

Dungeon Overview and Level Annotations

Branches:
Dungeon (3/15)

Altars:
Vehumet

Annotations:
D:3 polly's ghost, amateur DsGl


Innate Abilities, Weirdness & Mutations

((You have a pair of small horns on your head.))
((You are partially covered in icy blue scales. (AC +2)))


Message History

You closely miss polly's ghost.
Polly's ghost is moderately damaged.
Polly's ghost hits you but does no damage.
You closely miss polly's ghost.
Polly's ghost is moderately damaged.
Polly's ghost hits you but does no damage.
You barely miss polly's ghost.
Polly's ghost is moderately damaged.
Polly's ghost hits you but does no damage.
You slash polly's ghost!
Polly's ghost is heavily damaged.
Polly's ghost hits you.
* * * LOW HITPOINT WARNING * * *
You barely miss polly's ghost.
Polly's ghost is heavily damaged.
Polly's ghost hits you but does no damage.
You barely miss polly's ghost.
Polly's ghost is heavily damaged.
Polly's ghost hits you!
You die...

#........[#
##.....####
.....##..†.####
####### .####
####....####.....#
####..........###
#####.........
###########.....##
........###.....#
#.W♣....###
#####...# ..#.#
###... ##..? ...
..


You could see polly's ghost.

Vanquished Creatures
  Sigmund (D:2)
  4 adders
  2 worms
  3 leopard geckos
  A ball python (D:2)
  A giant cockroach (D:2)
  5 goblins
  2 hobgoblins
  2 jackals (D:1)
  A quokka (D:2)
  8 bats
  2 frilled lizards
  5 kobolds
  6 rats
43 creatures vanquished.

Vanquished Creatures (others)
  A worm (D:2)
1 creature vanquished.

Grand Total: 44 creatures vanquished

Notes
Turn   | Place    | Note
-------+----------+-------------------------------------------
     0 | D:1      | polly the Demonspawn Gladiator began the quest for the Orb.
     0 | D:1      | Reached XP level 1. HP: 16/16 MP: 1/1
   296 | D:1      | Reached skill level 3 in Long Blades
   296 | D:1      | Gained mutation: You have a pair of small horns on your head. [demonic ancestry]
   296 | D:1      | Reached XP level 2. HP: 22/22 MP: 2/2
   884 | D:2      | Gained mutation: You are partially covered in icy blue scales. (AC +2) [demonic ancestry]
   884 | D:2      | Reached XP level 3. HP: 18/27 MP: 3/3
   895 | D:2      | Found a radiant altar of Vehumet.
   906 | D:2      | Noticed Sigmund
   924 | D:2      | Killed Sigmund
   924 | D:2      | Reached skill level 4 in Long Blades
   924 | D:2      | Reached skill level 1 in Armour
   924 | D:2      | Reached XP level 4. HP: 26/34 MP: 4/4
   924 | D:2      | Reached XP level 5. HP: 30/39 MP: 5/5
  1422 | D:3      | Noticed polly's ghost (amateur DsGl)
  1443 | D:3      | Slain by polly's ghost

Vault maps used:
D:1:      dpeg_arrival_fog
D:2:      fiery_altar_vehumet, uniq_sigmund
D:3:      lemuel_crystal_altar, minitemple, nrook_uturn

Skill      XL: |  1  2  3  4  5 |
---------------+----------------+-----
Long Blades    | 3 4 |  4.2
Dodging        | 3 |  3.7
Armour         | 1 2 |  2.0
Fighting       | |  2.8
Throwing       | |  1.9
Stealth        | |  0.8

Action                   |  1- 3 |  4- 6 || total
-------------------------+-------+-------++-------
Melee: Long sword        |    67 |    13 ||    80
       Headbutt          |     8 |     6 ||    14
       Great sword       |       |    42 ||    42
  Use: Potion            |     2 |     4 ||     6
 Stab: Distracted        |       |     1 ||     1
  Eat: Chunk             |       |     1 ||     1
Armor: Leather armour    |    24 |    10 ||    34
       Skin              |       |    11 ||    11
Dodge: Dodged            |    76 |    37 ||   113
       Rpst.: Long sword |    18 |     2 ||    20
       Great sword       |       |     8 ||     8
